 Dungeon Crawl Stone Soup version 0.25.0-1-g7eea58d2a3 (console) character file.

Game seed: 13272273431486705971

184 Garrluk the Chopper (level 5, -1/46 HPs)
             Began as a Deep Dwarf Berserker on June 14, 2020.
             Was a Believer of Trog.
             Slain by a sky beast (3 damage)
             ... on level 7 of the Dungeon.
             The game lasted 00:06:59 (788 turns).

Garrluk the Chopper (Deep Dwarf Berserker)           Turns: 788, Time: 00:07:00

Health: -1/46      AC:  5    Str: 21    XL:     5   Next: 36%
Magic:  5/5        EV: 10    Int:  8    God:    Trog [**....]
Gold:   57         SH:  3    Dex: 12    Spells: 4/4 levels left

rFire    . . .     SeeInvis .   a - +0 hand axe
rCold    . . .     Gourm    .   e - +0 buckler (curse)
rNeg     . . .     Faith    .   d - +0 ring mail (curse)
rPois    .         Spirit   .   (no helmet)
rElec    .         Reflect  .   (no cloak)
rCorr    .         Harm     .   (no gloves)
MR       ++...                  (no boots)
Stlth    +.........             (no amulet)
HPRegen  1.00/turn              (no ring)
MPRegen  0.09/turn              (no ring)

@: non-regenerating
A: damage resistance, heal wounds, sense surroundings 1, no regeneration
a: Heal Wounds, Berserk, Trog's Hand, Renounce Religion


You were on level 7 of the Dungeon.
You worshipped Trog.
Trog was pleased with you.
You were very hungry.

You visited 1 branch of the dungeon, and saw 7 of its levels.

You collected 57 gold pieces.

Inventory:

Hand Weapons
 a - a +0 hand axe (weapon)
Missiles
 k - 9 stones (quivered)
Armour
 d - a cursed +0 ring mail (worn)
 e - a cursed +0 buckler (worn)
Jewellery
 p - an uncursed ring of fire
Scrolls
 g - 3 scrolls of identify {unknown}
 h - a scroll of magic mapping {unknown}
 i - 2 scrolls of enchant armour {unknown}
 l - a scroll of remove curse {unknown}
 q - a scroll of immolation {unknown}
Potions
 b - 3 potions of resistance {unknown}
 f - a potion of stabbing {unknown}
 j - a potion of might {unknown}
 m - a potion of heal wounds {unknown}
 n - a potion of lignification {unknown}
 o - a potion of cancellation {unknown}
 r - a potion of curing {unknown}
 s - a potion of invisibility {unknown}
Comestibles
 c - 2 rations


   Skills:
 - Level 2.6 Fighting
 * Level 6.7 Axes
 - Level 2.1 Armour
 - Level 2.1 Dodging


You had 4 spell levels left.
You didn't know any spells.
Your spell library was empty.

Dungeon Overview and Level Annotations

Branches:
Dungeon (7/15)
 Temple: D:4-7

Altars:
Hepliaklqana
Sif Muna
Wu Jian

Shops:
D:4 =


Innate Abilities, Weirdness & Mutations

You are resistant to damage.
You can heal yourself by infusing magical energy.
You passively map a small area around you.
You do not regenerate.


Message History

The sky beast is severely wounded.
The sky beast flickers out of sight!
Deactivating autopickup; reactivate with Ctrl-A.
Something hits you. Something shocks you.
* * * LOW HITPOINT WARNING * * *
You closely miss something. Something hits you.
* * * LOW HITPOINT WARNING * * *
Something shocks you.
* * * LOW HITPOINT WARNING * * *
You hit something but do no damage. Something hits you but does no damage.
Your skin crawls.
You feel resistant to hostile enchantments.
You are feeling very hungry.
Something hits you but does no damage.
You barely miss something. Something hits you. Something shocks you.
* * * LOW HITPOINT WARNING * * *
You hit something but do no damage. Something hits you.
* * * LOW HITPOINT WARNING * * *
Something shocks you.
You die...

* #.# #.. #.....# , ,
#.# #.###..##.. *
.######.###.##...####
#.....................#
# , ,
#...$...####.##....####
# #.......####.##.####
# ........##..(...# *
........##......# **
,...............##
##### ,
........##.....# *
#.... ,
........{@..รท..#
**...###
.#...#.##......# , *
...,............#,
###### , .
......#.........#
......
......(.............
#####
............<......# *
# ........#..........#
# ........#..........#
# , , ...### # , ,,, ,
....### , , , , , #..#.


There were no monsters in sight!

Vanquished Creatures
  An ogre (D:4)
  5 adders
  An ooze (D:2)
  3 worms (D:2)
  2 dart slugs
  A leopard gecko (D:2)
  An orc (D:3)
  3 bats (D:2)
  2 giant cockroaches (D:2)
  5 goblins
  6 hobgoblins
  3 quokkas
  5 frilled lizards
  A kobold (D:1)
  2 rats (D:3)
41 creatures vanquished.

Notes
Turn   | Place    | Note
-------+----------+-------------------------------------------
     0 | D:1      | Garrluk the Deep Dwarf Berserker began the quest for the
                  | Orb.
     0 | D:1      | Reached XP level 1. HP: 20/20 MP: 1/1
    72 | D:1      | Reached XP level 2. HP: 24/27 MP: 2/2
    84 | D:1      | Reached skill level 4 in Axes
   200 | D:2      | Reached XP level 3. HP: 27/33 MP: 3/3
   279 | D:2      | Reached skill level 5 in Axes
   303 | D:2      | Reached ** piety under Trog
   322 | D:2      | Found a shimmering blue altar of Sif Muna.
   349 | D:2      | Reached XP level 4. HP: 40/40 MP: 4/4
   432 | D:3      | Found an ornate altar of the Wu Jian Council.
   584 | D:3      | Found a hazy altar of Hepliaklqana.
   615 | D:4      | Found Reulaente's Jewellery Boutique.
   615 | D:4      | Noticed an ogre
   626 | D:4      | Killed an ogre
   626 | D:4      | Reached skill level 6 in Axes
   626 | D:4      | Reached XP level 5. HP: 46/46 MP: 5/5
   666 | D:5      | Entered Level 5 of the Dungeon
   769 | D:7      | Noticed a sky beast
   787 | D:7      | HP: 2/46 [something (4)]
   788 | D:7      | Slain by a sky beast

Illustrated notes

Levels and vault maps discovered:
D:1:      shiori_arrival_maze, layout_basic, chequers_serial_rivers_small_a,
          minmay_lizard_pond
D:2:      layout_loops_ring, led_sif_pool, minmay_cut_off, uniq_natasha,
          uniq_terence
D:3:      layout_loops_ring, lemuel_round_altar, overflow_temple_1_default,
          nicolae_overflow_crystal_walls, lemuel_doored_altar
D:4:      layout_basic, minmay_temple_entry_proselytizer, serial_shops, shop,
          first_ration, uniq_grinder
D:5:      layout_basic, okawaru_trees_1, cheibriados_altar_1,
          kennysheep_vampire_church, serial_shops, nicolae_shop_statue_plus,
          uniq_pikel
D:6:      layout_layer_cave, bloody_makhleb
D:7:      layout_rooms, old_standard_altar, nicolae_overflow_hidden_temple,
          gammafunk_ghost_split

Skill      XL: |  1  2  3  4 |
---------------+-------------+-----
Axes           | 4 5 6 |  6.7
Fighting       | |  2.6
Armour         | |  2.1
Dodging        | |  2.1

Action                   |  1- 3 |  4- 6 || total
-------------------------+-------+-------++-------
Melee: Hand axe          |    98 |    52 ||   150
Invok: Berserk           |     2 |     1 ||     3
       Trog's Hand       |     1 |     1 ||     2
 Abil: Heal Wounds       |     1 |       ||     1
  Eat: Chunk             |     1 |     1 ||     2
Armor: Animal skin       |     4 |       ||     4
       Ring mail         |    18 |    10 ||    28
Dodge: Dodged            |    41 |    16 ||    57
Block: Buckler           |     4 |     3 ||     7
